 Dungeon Crawl Stone Soup version 0.17-a0-2171-ga91b4ec (webtiles) character file.

9350 radek the Anointer (level 11, 0/54 HPs)
             Began as a Deep Elf Conjurer on Oct 25, 2015.
             Was an Elder of Vehumet.
             Slain by a fire elemental (14 damage)
             ... led by Azrael
             ... on level 4 of the Orcish Mines.
             The game lasted 01:31:57 (13445 turns).

radek the Anointer (Deep Elf Conjurer)             Turns: 13445, Time: 01:31:58

Health: 0/54       AC:  7    Str:  9    XL:     11   Next: 21%
Magic:  14/24      EV: 14    Int: 23    God:    Vehumet [****..]
Gold:   1255       SH:  0    Dex: 15    Spells: 3 memorised, 16 levels left

rFire  . . .     SeeInvis +     k - +3 short sword (flame)
rCold  . . .     Clarity  .     a - +1 robe
rNeg   . . .     SustAt   .     (no shield)
rPois  .         Gourm    .     h - +0 helmet
rElec  .         Spirit   .     F - +0 cloak
rCorr  .         Warding  .     D - +0 pair of gloves
rMut   .         Stasis   .     S - +0 pair of boots {Stlth+}
MR     +....                    d - amulet of regeneration
Stlth  +++.......               l - ring of see invisible
                                j - +3 ring of strength

@: somewhat resistant to hostile enchantments, fairly stealthy
A: no striking features
a: Renounce Religion


You were on level 4 of the Orcish Mines.
You worshipped Vehumet.
Vehumet was greatly pleased with you.
You were not hungry.

You visited 3 branches of the dungeon, and saw 15 of its levels.

You collected 1437 gold pieces.
You spent 182 gold pieces at shops.

Inventory:

Hand Weapons
 i - a +2 hand axe of holy wrath
 k - a +3 short sword of flaming (weapon)
 O - a +1 vampiric dagger
 Q - a +0 falchion of electrocution
 R - a +3 dire flail
 X - a +1 scimitar of flaming
 Y - a +1 hand axe of venom
Armour
 a - a +1 robe (worn)
 h - a +0 helmet (worn)
 A - a +2 pair of boots
 D - a +0 pair of gloves (worn)
 F - a +0 cloak (worn)
 S - a +0 pair of boots of stealth (worn)
Magical Staves
 z - an uncursed staff of poison
Jewellery
 d - an amulet of regeneration (around neck)
 j - a +3 ring of strength (left hand)
 l - a ring of see invisible (right hand)
 H - an uncursed ring of invisibility
Wands
 t - a wand of cold (2)
 w - a wand of confusion (10)
 y - a wand of lightning (0)
 B - a wand of fire (3)
 G - a wand of flame (23)
 L - a wand of fire (0)
 N - a wand of cold (3)
Scrolls
 e - 7 scrolls of identify
 r - a scroll of fear
 s - 2 scrolls of remove curse
 v - 2 scrolls of enchant weapon
 C - 2 scrolls of enchant armour
 E - a scroll of immolation
 J - a scroll of blinking
 K - a scroll of recharging
 T - a scroll of magic mapping
Potions
 g - 2 potions of agility
 m - a potion of flight
 n - 2 potions of haste
 o - 2 potions of heal wounds
 p - 2 potions of curing
 q - a potion of invisibility {unknown}
 u - a potion of brilliance {unknown}
 P - a potion of berserk rage {unknown}
 U - a potion of beneficial mutation {unknown}
 V - a potion of poison {unknown}
Books
 b - a book of Conjurations

   Spells                             Type                      Level
   a - Magic Dart                     Conjuration                  1
   b - Searing Ray                    Conjuration                  2
   c - Dazzling Spray                 Conjuration/Hexes            3
   d - Fulminant Prism                Conjuration/Hexes            4
   e - Iskenderun's Mystic Blast      Conjuration                  4
   f - Iskenderun's Battlesphere      Conjuration/Charms           5
 x - a book of Ice

   Spells                             Type                      Level
   a - Ice Form                       Ice/Transmutation            4
   b - Metabolic Englaciation         Hexes/Ice                    5
   c - Ozocubu's Refrigeration        Ice                          6
   d - Bolt of Cold                   Conjuration/Ice              6
   e - Freezing Cloud                 Conjuration/Ice/Air          6
   f - Simulacrum                     Ice/Necromancy               6
 W - a book of Party Tricks

   Spells                             Type                      Level
   a - Summon Butterflies             Summoning                    1
   b - Apportation                    Translocation                1
   c - Tukima's Dance                 Hexes                        3
   d - Alistair's Intoxication        Transmutation/Poison         4
   e - Invisibility                   Hexes                        6
 Z - a Grand Grimoire

   Spells                             Type                      Level
   a - Monstrous Menagerie            Summoning                    6
   b - Summon Greater Demon           Summoning                    7
   c - Malign Gateway                 Summoning/Translocation      7
   d - Summon Horrible Things         Summoning                    8
Comestibles
 c - 6 bread rations
 f - 2 meat rations
 I - 16 royal jellies
 M - 13 chunks of flesh


   Skills:
 - Level 4.5 Dodging
 - Level 2.4 Stealth
 - Level 7.7 Spellcasting
 - Level 9.3 Conjurations
 - Level 18.5 Charms
 * Level 3.1 Fire Magic
 - Level 0.4 Evocations


You had 16 spell levels left.
You knew the following spells:

 Your Spells              Type           Power        Failure   Level  Hunger
a - Magic Dart            Conj           ####         1%          1    None
b - Iskenderun's Battles  Conj/Chrm      ######..     1%          5    #####..
c - Conjure Flame         Conj/Fire      #####...     1%          3    None


Dungeon Overview and Level Annotations

Branches:
Dungeon (10/15)            Temple (1/1) D:5            Lair (0/8) D:9
    Orc (4/4) D:9             Elf (0/3) Orc:3

Altars:
Ashenzari
Cheibriados
Dithmenos
Elyvilon
Fedhas
Gozag
Kikubaaqudgha
Makhleb
Nemelex Xobeh
Okawaru
Qazlal
Ru
Sif Muna
Trog
Vehumet
Xom
Yredelemnul
Zin
The Shining One

Shops:
D:5 [   D:6 =   D:7 *   D:8 =[?%*   Orc:2 !

Annotations:
Orc:4 Azrael


Message History

Your battlesphere fires!
The barrage of energy hits the fire elemental.
The fire elemental is almost destroyed.
The fire elemental closely misses you. The fire elemental hits you.
The fire elemental burns you!
* * * LOW HITPOINT WARNING * * *
An orc comes into view. It is wielding a mace.
Casting: Magic Dart
Confirm with . or Enter, or press ? or * to list all spells.
Aiming: Magic Dart
Press: ? - help, Shift-Dir - straight line, f/p - fire elemental
Aim: a fire elemental (almost destroyed)
The magic dart hits the fire elemental.
You destroy the fire elemental!
Your Fire Magic skill increases to level 3!
Your battlesphere fires!
The fire elemental hits you.
* * * LOW HITPOINT WARNING * * *
The fire elemental burns you!
You die...

### . ## ##.## #o. #
##.###...# §.. #.
#...#....## §.
...##...).....##R#o#
#.#.....)*#...@.h.#
#.......##.....E...#
..<.##..###....#*.##
#....#.(.#.........#
##.......#.........#
##.............#.##
##...........#.##.
.....................
#.#...#............


You could see Azrael, a fire elemental, a hell hound, an orc wizard (invisible)
and an orc.

Vanquished Creatures
  Erica (D:8)
  2 orc sorcerers (Orc:3)
  A fire drake (D:9)
  A queen bee (Orc:1)
  A hungry ghost (D:8)
  3 fire elementals (Orc:4)
  A hippogriff (D:9)
  A warg (Orc:1)
  A hell hound (Orc:4)
  2 soldier ants (D:8)
  Duvessa (D:7)
  9 orc warriors
  5 sky beasts
  2 necrophages
  A black bear (D:6)
  5 centaurs
  An ice beast (D:9)
  A phantom (D:6)
  2 ogres
  6 giant frogs
  23 killer bees
  Dowan (D:7)
  A wyvern skeleton (D:5)
  7 wights
  3 scorpions
  A quasit (D:9)
  2 giant frog zombies
  4 hounds
  A jelly (D:7)
  16 orc wizards
  14 orc priests
  3 crimson imps
  A centaur skeleton (D:8)
  A giant frog skeleton (D:4)
  Natasha (D:2)
  4 iguanas
  A killer bee zombie (D:8)
  6 worker ants
  A hound zombie (D:9)
  17 adders
  4 gnolls (D:4)
  A shadow imp (D:5)
  An adder zombie (D:9)
  An ooze (D:1)
  An adder skeleton (D:4)
  A worm (D:8)
  4 giant geckos
  96 orcs
  A ball python (D:7)
  6 bats
  11 giant cockroaches
  13 goblins
  8 hobgoblins
  6 kobolds
  7 quokkas
  3 giant gecko skeletons
  6 giant newts
  4 jackals (D:6)
  7 rats
336 creatures vanquished.

Vanquished Creatures (others)
  A fungus (D:1)
1 creature vanquished.

Grand Total: 337 creatures vanquished

Notes
Turn   | Place    | Note
--------------------------------------------------------------
     0 | D:1      | radek the Deep Elf Conjurer began the quest for the Orb.
     0 | D:1      | Reached XP level 1. HP: 10/10 MP: 6/6
    94 | D:1      | Reached skill level 5 in Conjurations
    94 | D:1      | Reached XP level 2. HP: 13/15 MP: 1/8
   805 | D:2      | Reached XP level 3. HP: 19/19 MP: 2/9
  1299 | D:2      | Noticed Natasha
  1303 | D:2      | Killed Natasha
  1303 | D:2      | Reached skill level 6 in Conjurations
  1303 | D:2      | Reached XP level 4. HP: 15/24 MP: 5/10
  2112 | D:3      | Reached skill level 7 in Conjurations
  2112 | D:3      | Reached XP level 5. HP: 18/28 MP: 3/11
  2221 | D:3      | Learned a level 5 spell: Iskenderun's Battlesphere
  3041 | D:4      | Reached XP level 6. HP: 32/32 MP: 2/12
  3042 | D:4      | Reached skill level 5 in Charms
  4291 | D:4      | Reached skill level 8 in Charms
  4291 | D:4      | Reached XP level 7. HP: 36/36 MP: 5/13
  4590 | D:5      | Entered Level 5 of the Dungeon
  4590 | D:5      | Found Dich's Antique Armour Shoppe.
  4640 | D:5      | Found a staircase to the Ecumenical Temple.
  4659 | Temple   | Entered the Ecumenical Temple
  5069 | D:5      | Reached skill level 9 in Charms
  5410 | D:6      | Found Fosyv's Jewellery Emporium.
  5509 | D:6      | Reached skill level 10 in Charms
  5800 | D:6      | Reached skill level 11 in Charms
  5800 | D:6      | Reached XP level 8. HP: 20/41 MP: 0/14
  6075 | D:6      | Reached skill level 12 in Charms
  6448 | D:6      | Reached skill level 13 in Charms
  7015 | D:7      | Found an opulent altar of Gozag.
  7038 | D:7      | Found Gozag's Platinum Reserve.
  7072 | D:7      | Found a radiant altar of Vehumet.
  7082 | D:7      | Became a worshipper of Vehumet
  7252 | D:7      | Reached skill level 14 in Charms
  7317 | D:7      | Reached XP level 9. HP: 45/45 MP: 7/15
  7910 | D:7      | Reached skill level 15 in Charms
  8203 | D:7      | Noticed Dowan
  8206 | D:7      | Noticed Duvessa
  8207 | D:7      | Killed Dowan
  8226 | D:7      | Killed Duvessa
  8226 | D:7      | Reached * piety under Vehumet
  8226 | D:7      | Offered knowledge of Shock by Vehumet.
  8467 | D:8      | Found Adajimp's Food Emporium.
  8634 | D:8      | Noticed Erica
  8655 | D:8      | Killed Erica
  8655 | D:8      | Reached skill level 16 in Charms
  8816 | D:8      | Found Kalyo's Antique Armour Boutique.
  8825 | D:8      | Found Casse's Magic Scroll Boutique.
  8861 | D:8      | Found Onuulial's Jewellery Boutique.
  8867 | D:8      | Reached skill level 17 in Charms
  8910 | D:8      | Bought a cursed -3 ring of intelligence for 28 gold pieces
  8910 | D:8      | Bought a cursed -3 ring of strength for 28 gold pieces
  9349 | D:8      | Reached XP level 10. HP: 20/50 MP: 2/16
  9617 | D:8      | Found Kostrioma's Assorted Antiques.
  9620 | D:8      | Bought a pair of glowing boots for 126 gold pieces
  9780 | D:9      | Found a staircase to the Lair.
  9964 | D:9      | Reached skill level 18 in Charms
 10286 | D:10     | Entered Level 10 of the Dungeon
 10297 | D:9      | Found a staircase to the Orcish Mines.
 10303 | D:9      | Reached ** piety under Vehumet
 10303 | D:9      | Offered knowledge of Sting by Vehumet.
 10313 | Orc:1    | Entered Level 1 of the Orcish Mines
 11302 | Orc:1    | Offered knowledge of Throw Frost by Vehumet.
 11604 | Orc:1    | Reached skill level 5 in Spellcasting
 11776 | Orc:1    | Reached *** piety under Vehumet
 12106 | Orc:1    | Offered knowledge of Conjure Flame by Vehumet.
 12529 | Orc:1    | Reached XP level 11. HP: 54/54 MP: 16/23
 12606 | Orc:2    | Reached **** piety under Vehumet
 12682 | Orc:2    | Found Guakk's Distillery.
 13035 | Orc:3    | Learned a level 3 spell: Conjure Flame
 13096 | Orc:3    | Found a staircase to the Elven Halls.
 13156 | Orc:3    | Offered knowledge of Ignite Poison by Vehumet.
 13339 | Orc:4    | Entered Level 4 of the Orcish Mines
 13414 | Orc:4    | Reached skill level 1 in Fire Magic
 13438 | Orc:4    | Noticed Azrael
 13445 | Orc:4    | Slain by a fire elemental

Vault maps used:
D:1:      dpeg_arrival_prison, due_unseen_surprise
D:2:      minmay_misc_feat_square, uniq_natasha
D:5:      minmay_temple_entry_large_hall, serial_shops, shop, first_bread
D:6:      serial_shops, shop
D:7:      fiery_altar_vehumet, nicolae_gozag_zags_fifth_avenue, uniq_duvessa
D:8:      serial_shops, shop, shop, shop, shop, shop, hangedman_pestilent_swarm,
          uniq_erica
D:9:      minmay_lair_entry_lava, mrwooster_statue_mirror
Temple:   kilobyte_greek_temple_18
Orc:1:    special_room
Orc:2:    serial_shops, shop
Orc:3:    nicolae_orc_pool_cavern
Orc:4:    grunt_orc_cross, serial_shops, shop, mumra_transporter_accident,
          uniq_azrael

Action                   |  1- 3 |  4- 6 |  7- 9 | 10-12 || total
-------------------------+-------+-------+-------+-------++-------
Melee: Unarmed           |     3 |       |       |       ||     3
       Short sword       |     1 |     5 |    16 |     2 ||    24
 Cast: Magic Dart        |    63 |   148 |   252 |   282 ||   745
       Iskenderun's Batt |       |     4 |    27 |    41 ||    72
Evoke: Wand              |       |       |       |     9 ||     9
  Use: Scroll            |     5 |     4 |       |    12 ||    21
  Eat: Chunk             |     1 |     7 |    14 |     5 ||    27
       Beef jerky        |       |     1 |     2 |       ||     3
       Royal jelly       |       |     1 |       |       ||     1
       Pizza             |       |       |     1 |       ||     1
       Meat ration       |       |       |     1 |     4 ||     5
       Fruit             |       |       |     2 |     9 ||    11
